 Dungeon Crawl Stone Soup version 0.14-a0-942-gbd853f2 (webtiles) character file.

13478 Malachi the Nimble (level 11, 0/101 HPs)
             Began as a Troll Hunter on Nov 19, 2013.
             Slain by a very large slime creature (39 damage)
             ... on Level 12 of the Dungeon.
             The game lasted 00:31:19 (11097 turns).

Malachi the Nimble (Troll Hunter)                  Turns: 11097, Time: 00:31:20

HP   0/101       AC  9     Str 25      XL: 11   Next: 67%
MP   3/3         EV 13     Int  7      God:
Gold 659         SH 22     Dex 10      Spells:  0 memorised, 10 levels left

Res.Fire  : . . .   See Invis. : +   d - +1,+4 orc morningstar (drain)
Res.Cold  : + . .   Warding    : .   U - +2 robe {rN+}
Life Prot.: + . .   Conserve   : .   H - +0 shield
Res.Poison: .       Res.Corr.  : .   n - +1 cap {SInv}
Res.Elec. : .       Clarity    : .   q - +0 cloak
Sust.Abil.: . .     Spirit.Shd : .   (gloves unavailable)
Res.Mut.  : .       Stasis     : .   (boots unavailable)
Res.Rott. : .       Flight     : .   (no amulet)
Gourmand  : +                        F - ring of protection from magic
                                     D - ring of protection from cold

@: quite resistant to hostile enchantments, unstealthy
A: unfitting armour, claws 3, fast metabolism 3, gourmand, regeneration 2,
saprovore 2, shaggy fur 1, tough skin 2
a: no special abilities


You were on level 12 of the Dungeon.
You were very full.

You visited 1 branch of the dungeon, and saw 12 of its levels.

You collected 659 gold pieces.

Inventory:

Hand weapons
 d - a +1,+4 orcish morningstar of draining (weapon)
 u - a +1,+1 scimitar of flaming
Missiles
 L - a large rock (quivered)
Armour
 n - a +1 cap of see invisible (worn)
 q - a +0 cloak (worn)
 t - a +0 troll hide
 H - a +0 shield (worn)
 K - a +2 orcish robe of magic resistance
 U - a +2 robe of positive energy (worn)
Magical devices
 r - a wand of random effects (8)
 y - a wand of lightning (5)
 A - a wand of draining (2)
 C - a wand of digging (16)
 M - a wand of fire (4) {unknown}
Comestibles
 a - 5 meat rations
 l - 7 bread rations
 z - 5 pears
 B - an apple
 N - 4 chokos
Scrolls
 g - a scroll of identify
 m - 2 scrolls of recharging {unknown}
 o - 3 scrolls of amnesia
 p - a scroll of fog
 s - 2 scrolls of remove curse
 v - a scroll of enchant weapon I
 w - a scroll of blinking
 x - 2 scrolls of teleportation
 G - a scroll of curse armour {unknown}
Jewellery
 e - an uncursed ring of see invisible
 D - a ring of protection from cold (left claw)
 F - a ring of protection from magic (right claw)
 I - an uncursed amulet of clarity {unknown}
 Q - an uncursed amulet of faith
Potions
 b - 2 potions of flight
 f - 2 potions of invisibility
 h - 9 potions of curing
 i - 2 potions of magic
 j - 6 potions of brilliance
 k - 7 potions of heal wounds


   Skills:
 + Level 5.3 Fighting
 * Level 5.9 Maces & Flails
 + Level 6.0 Throwing
 + Level 0.1 Armour
 + Level 9.0 Dodging
 - Level 1.4 Stealth
 * Level 8.1 Shields
 - Level 6.2 Unarmed Combat
 - Level 0.2 Evocations


You had 10 spell levels left.
You didn't know any spells.

Dungeon Overview and Level Annotations

Branches:
Dungeon (12/16)            Temple (0/1) D:6             Orc (0/4) D:7
   Lair: D:8-13

Altars:
Ashenzari
Sif Muna
Trog
Xom

Shops:
D:6 (   D:8 }

Annotations:
D:11 truffant's ghost, powerful TrMo


Innate Abilities, Weirdness & Mutations

You are too large for most types of armour.
You have claws for hands.
Your metabolism is lightning-fast.
You like to eat raw meat.
You heal very quickly.
You can eat rotten meat.
You are covered in fur (AC +1).
You have very tough skin (AC +2).


Message History

You throw a large rock.
The large rock crashes through the very large slime creature.
The very large slime creature is heavily wounded.
The slime creature closely misses you. The very large slime creature hits you!
Throwing (i - inventory):
L - 3 large rocks (quivered)
Press: ? - help, Shift-Dir - straight line, f/p - very large slime creature
Aim: a very large slime creature (heavily wounded)
You throw a large rock.
The large rock crashes through the very large slime creature.
The very large slime creature is heavily wounded.
You block the slime creature's attack.
The very large slime creature closely misses you.
Throwing (i - inventory):
L - 2 large rocks (quivered)
Press: ? - help, Shift-Dir - straight line, f/p - very large slime creature
Aim: a very large slime creature (heavily wounded)
You throw a large rock.
The large rock crashes through the very large slime creature.
The very large slime creature is severely wounded.
The slime creature hits you! The very large slime creature hits you!
You die...

.# #.# #.###.#.# .# #.# #.......#
##.# #.# #####.### #..# #.###
##+## #.## #...# ##...## ###.#
#...# ##.....## ##.#.# #...##
##.......#
###....##########...####.........
................@J.....'(........
###....##########J..####.........
##.#.# #......# ##.......# ##...#
#.###..# ##J....## .###.# #.#
#.(# ##J..## .# #.# #.###..#
##'## .. .# #....(.# #.# #......#
#.# #####.##### ##.##


You could see a very large slime creature and a slime creature.

Vanquished Creatures
  Erica (D:10)
  Joseph (D:8)
  A cyclops (D:12)
  Maurice (D:11)
  Psyche (D:8)
  2 unseen horrors (D:10)
  A hydra zombie (D:10)
  A troll (D:9)
  Prince Ribbit (D:8)
  A slime creature (D:12)
  3 shadows (D:11)
  A wraith (D:11)
  3 hippogriffs
  Eustachio (D:7)
  A hill giant skeleton (D:11)
  4 hungry ghosts
  17 yaks
  3 ice beasts (D:7)
  A manticore (D:10)
  An orc warrior (D:9)
  A yellow wasp (D:9)
  6 humans (D:6)
  6 centaurs
  4 ogres
  5 sky beasts
  8 giant frogs
  Duvessa (D:6)
  A big kobold (D:11)
  A troll zombie (D:9)
  An eye of draining (D:12)
  A killer bee (D:12)
  4 wights (D:8)
  A troll skeleton (D:9)
  Dowan (D:6)
  7 crimson imps
  2 centaur zombies
  A quasit (D:7)
  A giant frog zombie (D:6)
  7 orc priests
  A jelly (D:8)
  A gnoll shaman (D:7)
  A two-headed ogre zombie (D:10)
  8 hounds
  3 scorpions
  2 iguanas (D:9)
  11 orc wizards
  4 worker ants
  A goliath beetle (D:10)
  A sky beast zombie (D:5)
  A hound zombie (D:3)
  5 gnolls (D:7)
  7 adders
  3 giant mites
  2 giant centipedes
  A white imp (D:7)
  6 worms
  2 adder zombies
  A grey rat (D:7)
  4 giant eyeballs
  4 giant geckos
  49 orcs
  A ball python (D:2)
  13 bats
  5 giant cockroaches
  A gnoll zombie (D:6)
  14 goblins
  15 hobgoblins
  14 jackals
  3 quokkas
  12 giant newts
  2 giant spores
  17 kobolds
  2 kobold skeletons
  An orc skeleton (D:10)
  An orc zombie (D:9)
  9 rats
  A rat skeleton (D:4)
  3 ballistomycetes
337 creatures vanquished.

Vanquished Creatures (others)
  3 killer bees (D:12)
  An orc priest (D:12)
  A plant (D:1)
5 creatures vanquished.

Grand Total: 342 creatures vanquished

Notes
Turn   | Place    | Note
--------------------------------------------------------------
     0 | D:1      | Malachi, the Troll Hunter, began the quest for the Orb.
     0 | D:1      | Reached XP level 1. HP: 20/20 MP: 0/0
   197 | D:1      | Reached skill level 4 in Throwing
   197 | D:1      | Reached XP level 2. HP: 28/28 MP: 0/0
   921 | D:2      | Reached XP level 3. HP: 31/35 MP: 1/1
  1546 | D:3      | Reached XP level 4. HP: 39/42 MP: 1/1
  1849 | D:3      | Found a shimmering altar of Xom.
  2662 | D:4      | Reached XP level 5. HP: 38/50 MP: 1/1
  3163 | D:5      | Entered Level 5 of the Dungeon
  3169 | D:5      | Noticed a sky beast
  3433 | D:4      | Killed a sky beast
  3433 | D:4      | Reached XP level 6. HP: 27/58 MP: 2/2
  3784 | D:5      | Reached skill level 1 in Shields
  3919 | D:5      | Reached skill level 1 in Stealth
  3919 | D:5      | Reached XP level 7. HP: 64/66 MP: 2/2
  3921 | D:5      | Noticed a hippogriff
  3934 | D:5      | Killed a hippogriff
  4010 | D:5      | Noticed a sky beast
  4015 | D:5      | Killed a sky beast
  4236 | D:5      | Paralysed by a giant eyeball for 3 turns
  4244 | D:5      | Paralysed by a giant eyeball for 3 turns
  4393 | D:5      | Reached skill level 5 in Dodging
  4393 | D:5      | Reached XP level 8. HP: 71/74 MP: 2/2
  4437 | D:5      | Found a shattered altar of Ashenzari.
  4437 | D:5      | Found a deep blue altar of Sif Muna.
  4438 | D:5      | Found a bloodstained altar of Trog.
  4438 | D:5      | Noticed a centaur
  4443 | D:5      | Killed a centaur
  4486 | D:6      | Noticed Duvessa
  4486 | D:6      | Noticed Dowan
  4537 | D:6      | Killed Duvessa
  4619 | D:6      | Killed Dowan
  4648 | D:6      | Found Ybbiqael's Antique Weapon Shop.
  4824 | D:6      | Noticed a human
  4850 | D:6      | Killed a human
  4850 | D:6      | Reached skill level 5 in Throwing
  4940 | D:6      | Reached XP level 9. HP: 64/81 MP: 3/3
  5011 | D:6      | Reached skill level 6 in Dodging
  5143 | D:6      | Found a staircase to the Ecumenical Temple.
  5254 | D:7      | Noticed Eustachio
  5270 | D:7      | Killed Eustachio
  5270 | D:7      | Reached skill level 5 in Unarmed Combat
  5337 | D:7      | Identified a scroll of acquirement
  5349 | D:7      | Reached skill level 5 in Shields
  5493 | D:7      | Found a staircase to the Orcish Mines.
  5930 | D:8      | Noticed Psyche
  5939 | D:8      | Killed Psyche
  5939 | D:8      | Reached skill level 7 in Dodging
  6028 | D:8      | Found Myro's Gadget Shop.
  6229 | D:8      | Noticed Prince Ribbit
  6236 | D:8      | Killed Prince Ribbit
  6298 | D:8      | Noticed Joseph
  6303 | D:8      | Killed Joseph
  6303 | D:8      | Reached XP level 10. HP: 46/92 MP: 3/3
  6432 | D:8      | Paralysed by a giant eyeball for 3 turns
  6438 | D:8      | Paralysed by a giant eyeball for 2 turns
  6825 | D:8      | Paralysed by a potion of paralysis for 5 turns
  7171 | D:9      | Reached skill level 1 in Maces & Flails
  7681 | D:10     | Entered Level 10 of the Dungeon
  7860 | D:10     | Reached skill level 8 in Dodging
  8336 | D:10     | Noticed an unseen horror
  8352 | D:10     | Killed an unseen horror
  8532 | D:10     | Noticed Erica
  8545 | D:10     | Killed Erica
  8545 | D:10     | Reached XP level 11. HP: 90/100 MP: 3/3
  8890 | D:10     | Noticed an unseen horror
  8899 | D:10     | Paralysed by a giant eyeball for 3 turns
  8914 | D:10     | Killed an unseen horror
  8914 | D:10     | Reached skill level 5 in Fighting
  9345 | D:11     | Reached skill level 5 in Maces & Flails
  9465 | D:11     | Noticed truffant's ghost (powerful TrMo)
  9491 | D:11     | HP: 3/101 [hound (5)]
  9647 | D:10     | Gained mutation: You are clumsy. (Dex -2) [potion of mutation]
  9647 | D:10     | Gained mutation: Your spells are a little harder to cast, but a little more powerful. [potion of mutation]
  9647 | D:10     | Gained mutation: You have large cloven feet. [potion of mutation]
  9771 | D:10     | Lost mutation: You are clumsy. (Dex -2) [potion of cure mutation]
  9771 | D:10     | Lost mutation: You have large cloven feet. [potion of cure mutation]
  9771 | D:10     | Lost mutation: Your spells are a little harder to cast, but a little more powerful. [potion of cure mutation]
 10043 | D:11     | Noticed Maurice
 10052 | D:11     | Killed Maurice
 10438 | D:12     | Paralysed by a giant eyeball for 3 turns
 10807 | D:12     | Reached skill level 9 in Dodging
 11097 | D:12     | Slain by a very large slime creature

Action                   |  1- 3 |  4- 6 |  7- 9 | 10-12 || total
-------------------------+-------+-------+-------+-------++-------
Melee: Unarmed           |   164 |   149 |   337 |    11 ||   661
       Morningstar       |       |       |       |   389 ||   389
Throw: Large rock        |     1 |    13 |    48 |    89 ||   151
       Throwing net      |       |       |     2 |     2 ||     4
Evoke: Wand              |       |       |     2 |     4 ||     6
  Use: Potion            |       |     3 |     1 |    10 ||    14
       Scroll            |       |     3 |    13 |    15 ||    31
 Stab: Sleeping          |       |     2 |       |       ||     2
       Held in net/web   |       |       |       |     2 ||     2
